 Dungeon Crawl Stone Soup version 0.26-b1-32-g5d43845318 (webtiles) character file.

Game seed: 18376360224884254984

484629 Aviak the Stormcaller (level 24, -15/138 HPs)
             Began as a Vine Stalker Conjurer on Jan 10, 2021.
             Was the Champion of Ru.
             Killed from afar by a lich (38 damage)
             ... with a bolt of acid
             ... on level 1 of the Depths on Jan 11, 2021.
             The game lasted 04:28:38 (66127 turns).

Aviak the Stormcaller (Vine Stalker Conjurer)      Turns: 66127, Time: 04:28:39

Health: -15/138    AC: 22    Str: 15    XL:     24   Next: 60%
Magic:  0/40       EV: 18    Int: 29    God:    Ru [******]
Gold:   747        SH: 17    Dex: 27    Spells: 12/47 levels left

rFire    + + .     SeeInvis +   u - +9 double sword (holy)
rCold    + + +     Faith    .   V - +2 shield of Resistance {rF++ rC++ Will++}
rNeg     + + +     Spirit   +   m - +4 ring mail of Nishiph {rElec Will+ Int+4 Stlth-}
rPois    +         Reflect  .   U - +0 helmet {SInv}
rElec    +         Harm     .   R - +3 cloak of Hocsocw {Dex+4}
rCorr    .         Rampage  .   q - +2 pair of gloves
Will     +++++                  N - +0 pair of boots "Rifoemabah" {rN++}
Stlth    ..........             Y - amulet of Vitality {Regen+ HP+15}
HPRegen  1.53/turn              E - ring "Yzyus" {*Contam rC+ rN+ Str+4 Dex+6}
MPRegen  0.27/turn              G - ring of Amelioration {rPois Str+2 Slay+3 Stlth+}

@: exhausted, about to teleport
A: fangs 3, yellow scales 1, deformed body, strong-willed 1, regeneration 2,
weak 1, magic shield, antimagic bite, no potion heal 3, no stealth, cowardly,
unskilled 1, inexperienced 1
}: 3/15 runes: decaying, silver, gossamer
a: Renounce Religion, Draw Out Power, Power Leap, Apocalypse


You were on level 1 of the Depths.
You worshipped Ru.
Ru was exalted by your worship.
You visited 10 branches of the dungeon, and saw 44 of its levels.
You also visited: Ice Cave.

You collected 6073 gold pieces.
You spent 5326 gold pieces at shops.

Inventory:

Hand Weapons
 u - a +9 double sword of holy wrath (weapon)
Armour
 m - the +4 ring mail of Nishiph (worn) {rElec Will+ Int+4 Stlth-}
   (You took it off a deep elf high priest on level 5 of the Vaults)

   It affects your intelligence (+4).
   It insulates you from electricity.
   It affects your willpower, your defense against some magical effects.
   It makes you less stealthy.
 p - the +2 pair of boots of Modesty {rF+ Regen+ Slay-5}
   (You found it on level 2 of the Vaults)

   It affects your accuracy and damage with ranged weapons and melee attacks
   (-5).
   It protects you from fire.
   It increases your rate of regeneration.
 q - a +2 pair of gloves (worn)
 N - the +0 pair of boots "Rifoemabah" (worn) {rN++}
   (You found it on level 4 of the Spider Nest)

   It greatly protects you from negative energy.
 P - +2 swamp dragon scales {rPois}
 R - the +3 cloak of Hocsocw (worn) {Dex+4}
   (You found it on level 12 of the Dungeon)

   It affects your dexterity (+4).
 U - a +0 helmet of see invisible (worn)
 V - the +2 shield of Resistance (worn) {rF++ rC++ Will++}
   (You bought it in a shop on level 10 of the Dungeon)

   It greatly protects you from fire.
   It greatly protects you from cold.
   It affects your willpower, your defense against some magical effects.
Jewellery
 a - an uncursed ring of magical power
 i - an uncursed ring of positive energy
 D - an uncursed ring of wizardry
 E - the ring "Yzyus" (left hand) {*Contam rC+ rN+ Str+4 Dex+6}
   (You took it off a deep elf mage on level 2 of the Elven Halls)

   [ring of dexterity]

   It affects your strength (+4).
   It affects your dexterity (+6).
   It protects you from cold.
   It protects you from negative energy.
   It causes magical contamination when unequipped.
 F - the ring "Qoeceb" {rF+ rN+}
   (You took it off a deep elf death mage on level 3 of the Elven Halls)

   [ring of positive energy]

   It protects you from fire.
   It protects you from negative energy.
 G - the ring of Amelioration (right hand) {rPois Str+2 Slay+3 Stlth+}
   (You acquired it on level 3 of the Elven Halls)

   [ring of poison resistance]

   It affects your strength (+2).
   It affects your accuracy and damage with ranged weapons and melee attacks
   (+3).
   It protects you from poison.
   It makes you more stealthy.
 Y - the amulet of Vitality (around neck) {Regen+ HP+15}
   (You bought it in a shop on level 2 of the Orcish Mines)

   [amulet of regeneration]

   It affects your health (+15).
   It increases your rate of regeneration.
Wands
 j - a wand of digging (14)
 M - a wand of enslavement (8)
 Q - a wand of disintegration (8)
 X - a wand of acid (28)
 Z - a wand of iceblast (18)
Scrolls
 d - 7 scrolls of enchant weapon
 g - 14 scrolls of immolation
 k - 2 scrolls of brand weapon
 r - 9 scrolls of remove curse
 s - 2 scrolls of summoning {!r}
 t - 22 scrolls of teleportation
 v - 4 scrolls of magic mapping
 w - a scroll of fear
 x - a scroll of blinking
 A - 5 scrolls of enchant armour
 B - 8 scrolls of amnesia
 H - 7 scrolls of fog
 J - 2 scrolls of silence {!r}
 T - 2 scrolls of holy word
Potions
 c - 11 potions of curing
 e - 7 potions of flight
 f - 4 potions of haste
 h - 3 potions of mutation {!q}
 l - 5 potions of might
 n - 2 potions of invisibility
 o - 8 potions of brilliance
 y - 2 potions of magic
 z - 5 potions of attraction
 I - 3 potions of berserk rage
 L - 6 potions of ambrosia
 W - a potion of resistance
Miscellaneous
 b - a phantom mirror
 C - a lightning rod (4/4)
 K - a box of beasts
 O - a phial of floods
 S - a condenser vane (inert)


   Skills:
 - Level 11.4 Fighting
 * Level 12.8 Long Blades
 - Level 12.0 Armour
 - Level 7.6 Dodging
 - Level 15.0 Shields
 + Level 12.2 Spellcasting
 - Level 10.5 Conjurations
 - Level 4.5 Hexes
 - Level 8.2 Summonings
 - Level 7.0 Fire Magic
 - Level 10.0 Ice Magic
 - Level 17.5 Air Magic
 - Level 3.0 Poison Magic
 - Level 10.4 Evocations


You had 12 spell levels left.
You knew the following spells:

 Your Spells              Type           Power        Failure   Level
a - Magic Dart            Conj           100%         1%          1
b - Searing Ray           Conj           100%         1%          2
c - Fireball              Conj/Fire      31%          3%          5
d - Fulminant Prism       Conj/Hex       28%          2%          4
e - Mephitic Cloud        Conj/Pois/Air  67%          1%          3
f - Poisonous Vapours     Pois/Air       100%         1%          2
g - Summon Lightning Spi  Summ/Air       75%          1%          4
t - Ignite Poison         Fire/Tmut/Pois 37%          3%          3
w - Freezing Cloud        Conj/Ice/Air   37%          4%          6
x - Iskenderun's Battles  Conj           68%          1%          5

Your spell library contained the following spells:

 Spells                   Type           Power        Failure   Level
 Corona                   Hex            48%          1%          1
 Foxfire                  Conj/Fire      100%         1%          1
 Summon Small Mammal      Summ           100%         1%          1
 Call Imp                 Summ           60%          1%          2
 Ensorcelled Hibernation  Hex/Ice        100%         1%          2
 Slow                     Hex            44%          1%          2
 Call Canine Familiar     Summ           60%          1%          3
 Conjure Flame            Conj/Fire      62%          1%          3
 Dazzling Flash           Conj/Hex       100%         1%          3
 Frozen Ramparts          Ice            100%         1%          3
 Inner Flame              Hex/Fire       50%          1%          3
 Stone Arrow              Conj/Erth      96%          1%          3
 Summon Guardian Golem    Hex/Summ       53%          1%          3
 Sticky Flame             Conj/Fire      62%          1%          4
 Summon Ice Beast         Ice/Summ       63%          1%          4
 Silence                  Hex/Air        34%          1%          5
 Confusing Touch          Hex            44%          2%          3
 Tukima's Dance           Hex            44%          2%          3
 Animate Skeleton         Necr           34%          4%          1
 Apportation              Tloc           34%          4%          1
 Beastly Appendage        Tmut           34%          4%          1
 Pain                     Necr           68%          4%          1
 Sandblast                Erth           34%          4%          1
 Portal Projectile        Hex/Tloc       60%          6%          3
 Ice Form                 Ice/Tmut       46%          6%          4
 Iskenderun's Mystic Bla  Conj/Tloc      48%          6%          4
 Metabolic Englaciation   Hex/Ice        28%          7%          5
 Passwall                 Tmut/Erth      14%          8%          2
 Wereblood                Tmut           17%          8%          2
 Cause Fear               Hex            22%          8%          4
 Spider Form              Tmut/Pois      13%          9%          3
 Bolt of Magma            Conj/Fire/Erth 25%          12%         5
 Ozocubu's Refrigeration  Ice            33%          13%         6
 Olgreb's Toxic Radiance  Pois           35%          14%         4
 Gell's Gravitas          Tloc           8%           16%         3
 Lesser Beckoning         Tloc           8%           16%         3
 Vampiric Draining        Necr           8%           16%         3
 Leda's Liquefaction      Hex/Erth       15%          21%         4
 Starburst                Conj/Fire      31%          21%         6
 Shadow Creatures         Summ           N/A          26%         6
 Animate Dead             Necr           8%           45%         4
 Petrify                  Tmut/Erth      17%          45%         4
 Yara's Violent Unravell  Hex/Tmut       15%          50%         5
 Orb of Destruction       Conj           34%          50%         7
 Alistair's Intoxication  Tmut/Pois      17%          58%         5
 Iron Shot                Conj/Erth      24%          65%         6
 Spellforged Servitor     Conj/Summ      32%          65%         7
 Simulacrum               Ice/Necr       23%          69%         6
 Invisibility             Hex            44%          75%         6
 Agony                    Necr           17%          80%         5
 Blade Hands              Tmut           8%           80%         5
 Borgnjor's Vile Clutch   Necr/Erth      8%           80%         5
 Lee's Rapid Deconstruct  Erth           8%           80%         5
 Dispersal                Tloc           8%           100%        6
 Statue Form              Tmut/Erth      11%          100%        6
 Dragon Form              Tmut           8%           100%        7
 Haunt                    Necr/Summ      20%          100%        7
 Borgnjor's Revivificati  Necr           8%           100%        8
 Discord                  Hex            22%          100%        8
 Disjunction              Tloc           8%           100%        8
 Ignition                 Fire           27%          100%        8
 Infestation              Necr           8%           100%        8
 Necromutation            Tmut/Necr      8%           100%        8
 Death's Door             Necr           8%           100%        9
 Dragon's Call            Summ           30%          100%        9


Dungeon Overview and Level Annotations

Branches:
Dungeon (15/15)            Temple (1/1) D:5            Lair (6/6) D:10
  Swamp (4/4) Lair:3       Spider (4/4) Lair:2        Slime (0/5) Lair:5
    Orc (2/2) D:9             Elf (3/3) Orc:2        Vaults (5/5) D:14
  Crypt (3/3) Vaults:3     Depths (1/5) D:15          IceCv (visited)
   Tomb: Crypt:3

Altars:
Ashenzari
Cheibriados
Dithmenos
Elyvilon
Fedhas
Gozag
Hepliaklqana
Kikubaaqudgha
Makhleb
Nemelex Xobeh
Okawaru
Qazlal
Ru
Sif Muna
Trog
Uskayaw
Vehumet
Wu Jian
Xom
Yredelemnul
Zin
The Shining One
Beogh
Jiyva

Shops:
D:5 =   D:10 [   D:12 (   D:13 :   D:15 }   Orc:2 **(   Elf:1 }   Elf:2 ?!*![
Elf:3 (   Vaults:3 *

Portals:
Hell: Depths:1

Annotations:
Lair:5 1 runed translucent door, semitonal's ghost, journeyman GnWn
Spider:4 Bai Suzhen
Orc:1 3 runed translucent doors, Jisity's ghost, adept HuFi; Raspi's ghost, journeyman FoFi
Elf:1 2 runed translucent doors


Innate Abilities, Weirdness & Mutations

You have razor-sharp teeth.
You heal very quickly.
You are weak. (Str -2)
When hurt, damage is shared between your health and your magic reserves.
Your bite disrupts and absorbs the magic of your enemies.
Potions cannot restore your health.
You cannot be stealthy.
Your cowardice makes you less effective in combat with threatening monsters.
You are somewhat unskilled. (-1 Apt)
You are somewhat inexperienced. (-2 XL)
You are partially covered in yellow scales. (AC +2)
Armour fits poorly on your strangely shaped body.
You are strong-willed. (Will+)


Message History

You feel a twist of horror at the sight of this foe.
The iron troll is engulfed in blazing flames.
Evoke which item? (* to show all) (? for menu, Esc to quit)
Aiming: Dig
Press: ? - help, Shift-Dir - straight line A rock wall.
The rock shatters into small pieces.
Some rock shatters into small pieces.
Evoke which item? (* to show all) (? for menu, Esc to quit)
Aiming: Dig
Press: ? - help, Shift-Dir - straight line A rock wall.
The rock shatters into small pieces.
The deep troll earth mage gestures next to you while chanting.
Some rock shatters into small pieces.
You're too exhausted to draw out your power.
As you read the scroll of teleportation, it crumbles to dust.
You feel strangely unstable.
The lich gestures at you while chanting.
The bolt of acid hits you!!!
You die...

#..# ^.# #..# ..#
#..# ##..# #..#
##...## #..#
##.....# #..#
##.....#
##..########.....#
.[............T.##
##).######.##.L.@#
#''# #...##..#
....#######TT####..#
≈c.........##...##.#
...........##...# ##
...........#....#
...T)..........##
......)TL.L...##
#...cc#TC#....##


You could see a lich, a deep troll earth mage (strong) and a deep troll shaman.

Vanquished Creatures
  Mara (Swamp:3)
  Boris (twice) (Vaults:2 Crypt:2)
  Margery (Vaults:2)
  Frederick (Vaults:2)
  2 golden dragons (Vaults:5)
  Jory (Crypt:1)
  the Enchantress (Depths:1)
  A bone dragon (Crypt:3)
  A lich (Vaults:4)
  2 tentacled monstrosities (Vaults:5)
  2 large abominations
  6 titans
  Jorgrun (D:12)
  2 quicksilver dragons (Vaults:5)
  The ghost of p0werm0de the Warrior, an adept MiFi of Cheibriados (Spider:4)
  2 ancient champions
  A deep elf blademaster (Elf:3)
  Gastronok (Orc:1)
  Kirke (Swamp:3)
  4 shadow dragons (Vaults:5)
  Frances (Elf:1)
  3 storm dragons
  Roxanne (Elf:1)
  A revenant (Crypt:1)
  3 tengu reavers (Vaults:5)
  Donald (Spider:2)
  An iron dragon (Vaults:4)
  8 fire giants
  6 deep elf sorcerers
  3 frost giants
  7 vault wardens
  Louise (Spider:3)
  3 ghost moths (Spider:4)
  A curse skull (Crypt:1)
  5 emperor scorpions
  16 ironheart preservers
  4 deep elf elementalists (Elf:3)
  3 spriggan defenders (Depths:1)
  7 very ugly things
  Aizul (Vaults:4)
  6 stone giants
  3 war gargoyles
  5 vampire knights
  3 entropy weavers
  8 deep elf annihilators
  Nessos (D:12)
  3 bunyips
  Azrael (Elf:1)
  4 deep elf demonologists
  2 spark wasps (Spider:3)
  4 eidola (Crypt:1)
  A merfolk impaler (Depths:1)
  7 deep elf death magi
  3 fire dragons
  5 eleionomae
  8 ettins
  A shambling mangrove (Lair:3)
  12 jiangshi
  4 deep elf high priests
  Harold (Orc:1)
  9 yaktaur captains
  4 ice dragons
  The ghost of Borgoz the Basher, a journeyman GrGl (D:12)
  3 great orbs of eyes
  21 hydras
  2 rakshasas
  Erolcha (Orc:2)
  39 vault guards
  A spriggan air mage (Depths:1)
  2 ghost crabs
  10 centaur warriors
  7 boulder beetles
  3 death knights
  A tengu warrior (Depths:1)
  13 ogre magi
  5 deep troll shamans
  29 two-headed ogres
  9 alligators
  7 deep troll earth magi
  11 death yaks
  27 dancing weapons
  2 spriggan berserkers (Depths:1)
  4 orc high priests (Orc:2)
  9 vampire magi
  Sonja (Orc:2)
  2 hell knights (Vaults:2)
  27 deep elf knights
  A small abomination (Vaults:5)
  14 skeletal warriors
  6 goliath frogs
  22 deep trolls
  2 shadow wraiths
  6 unseen horrors
  4 swamp dragons
  A flayed ghost (Crypt:2)
  A spriggan druid (Swamp:4)
  8 bog bodies
  3 wizards
  5 necromancers
  3 glowing orange brains
  A spectral wolf spider (D:12)
  3 lindwurms (Swamp:4)
  19 deep elf archers
  13 ironbrand convokers
  12 phantasmal warriors
  28 wolf spiders
  18 orb spiders
  75 deep elf magi
  23 ugly things
  A harpy (shapeshifter) (Vaults:3)
  14 orc knights
  An orb spider (shapeshifter) (Vaults:2)
  5 will-o-the-wisps
  3 orc sorcerers
  A fire giant zombie (Crypt:1)
  4 cyclopes
  A salamander (shapeshifter) (Vaults:1)
  2 manticores
  3 moths of wrath
  6 vault sentinels
  8 black mambas
  2 ice statues (IceCv)
  2 torpor snails
  2 spectral centaurs (D:12)
  A guardian serpent (shapeshifter) (Vaults:4)
  An alligator snapping turtle zombie (Crypt:2)
  A centaur skeleton (D:10)
  9 cane toads
  A komodo dragon (shapeshifter) (Vaults:4)
  2 rime drakes
  A rime drake (shapeshifter) (Vaults:1)
  7 komodo dragons
  A yellow draconian skeleton (Crypt:1)
  An efreet (D:15)
  13 demonic crawlers
  8 freezing wraiths
  25 yaktaurs
  2 ice devils (IceCv)
  A tengu conjurer (D:15)
  5 trolls
  A jumping spider (shapeshifter) (Vaults:5)
  A hydra zombie (Crypt:3)
  A merfolk (shapeshifter) (Vaults:5)
  4 bloated husks
  23 hornets
  25 jumping spiders
  2 catoblepas skeletons (Crypt:2)
  A meliai (shapeshifter) (Elf:1)
  7 tyrant leeches
  9 polar bears
  18 blink frogs
  9 slime creatures
  Grinder (D:5)
  3 air elementals (Elf:1)
  62 redbacks
  14 flying skulls
  2 centaur simulacra
  3 shadows
  A vampire (D:12)
  21 tarantellas
  23 spriggans
  4 water elementals
  9 wraiths
  60 yaks
  8 fire elementals
  A hog (Swamp:3)
  A basilisk (shapeshifter) (Elf:1)
  2 wyverns
  9 humans
  A wind drake zombie (Crypt:2)
  A hog (shapeshifter) (Vaults:4)
  3 steam dragons
  7 vampire mosquitoes
  A basilisk (Lair:2)
  A human simulacrum (Vaults:1)
  A harpy simulacrum (D:14)
  6 wargs
  12 swamp worms
  A soldier ant (D:15)
  An acid dragon (D:13)
  3 hell hounds (Elf:1)
  An orb spider zombie (Crypt:1)
  6 swamp drakes
  10 water moccasins
  A meliai simulacrum (D:12)
  47 orc warriors
  4 black bears
  6 ice beasts
  3 hornet zombies
  42 ogres
  7 phantoms
  4 sky beasts
  An ogre (shapeshifter) (Elf:2)
  12 boggarts
  3 eyes of draining
  A swamp dragon zombie (Crypt:1)
  A cane toad skeleton (Crypt:2)
  A lindwurm skeleton (Crypt:1)
  42 wolves
  12 centaurs
  A torpor snail zombie (Crypt:1)
  5 big kobolds
  14 bullfrogs
  2 wyvern zombies
  A gnoll sergeant (D:5)
  A water moccasin zombie (D:8)
  2 earth elementals (Elf:1)
  A cyclops skeleton (Crypt:2)
  5 scorpions
  A water moccasin skeleton (Crypt:2)
  6 killer bees
  16 wights
  2 howler monkeys
  3 bullfrog zombies
  2 centaur zombies
  A quasit (D:12)
  5 bullfrog skeletons
  2 gnoll shamans
  A lava snake (Swamp:4)
  4 hounds
  5 jellies
  23 orc wizards
  30 orc priests
  5 iguanas
  Natasha (thrice) (D:4)
  A spriggan simulacrum (IceCv)
  7 hell rats (Lair:4)
  10 worker ants
  3 killer bee zombies
  5 troll simulacra (IceCv)
  8 ogre zombies (D:9)
  3 hound zombies
  2 hound skeletons
  A howler monkey zombie (D:5)
  A worker ant zombie (D:7)
  A howler monkey skeleton (D:7)
  14 gnolls
  A naga simulacrum (IceCv)
  13 adders
  3 ogre simulacra (IceCv)
  2 shadow imps
  A white imp (D:6)
  2 ufetubi
  An ooze (D:2)
  An adder skeleton (Crypt:2)
  An adder zombie (D:8)
  4 worms
  3 dart slugs
  4 leopard geckos
  75 orcs
  2 ball pythons
  11 bats
  7 giant cockroaches
  9 hobgoblins
  16 jackals
  4 quokkas
  7 frilled lizards
  9 goblins
  3 goblin zombies
  A hobgoblin skeleton (D:9)
  3 hobgoblin zombies (D:9)
  27 kobolds
  3 orc skeletons
  18 orc zombies
  11 rats
  2 crawling corpses (Vaults:5)
  A fulminant prism (Lair:3)
1853 creatures vanquished.

Vanquished Creatures (collateral kills)
  Xtahua (Crypt:2)
  A deep elf blademaster (Elf:2)
  A tengu reaver (Vaults:4)
  A vault warden (Vaults:1)
  An emperor scorpion (Spider:4)
  An ironheart preserver (Vaults:2)
  An entropy weaver (Spider:1)
  An ettin (Orc:1)
  A fire dragon (Swamp:4)
  A hydra (Swamp:1)
  A boulder beetle (Spider:1)
  4 two-headed ogres
  A dancing weapon (Elf:2)
  An orc high priest (Orc:2)
  A deep elf knight (Elf:1)
  4 skeletal warriors
  A deep troll (Vaults:4)
  2 swamp dragons (Swamp:4)
  A necromancer (Crypt:3)
  2 ugly things
  An orc knight (Orc:2)
  2 vault sentinels
  A kobold demonologist (D:11)
  2 ice devils (IceCv)
  A yaktaur (Vaults:1)
  2 demonic crawlers
  2 jumping spiders
  2 hornets (Spider:4)
  2 redbacks
  A steam dragon (Swamp:4)
  An acid dragon (Vaults:2)
  An ice beast (D:11)
  2 orc warriors
  An eye of draining (D:11)
  2 ogres
  3 centaurs (D:11)
  A necrophage (Crypt:3)
  3 big kobolds (D:11)
  2 wights (D:11)
  3 orc priests
  An orc wizard (D:11)
  4 orcs
  3 kobolds (D:11)
  A quokka (D:12)
72 creatures vanquished.

Vanquished Creatures (others)
  A deep elf master archer (Elf:3)
  A tengu reaver (Vaults:4)
  3 vault wardens
  A jiangshi (Crypt:1)
  A deep elf high priest (Elf:3)
  2 hydras (Swamp:4)
  2 two-headed ogres
  An alligator (Lair:3)
  3 deep elf knights
  A shadow wraith (Vaults:3)
  5 deep elf archers
  2 spriggan druids (Swamp:2)
  A bog body (Swamp:1)
  2 wolf spiders
  An orc sorcerer (Elf:1)
  A vault sentinel (Vaults:5)
  A torpor snail (Spider:3)
  A komodo dragon (Lair:3)
  A demonic crawler (Spider:3)
  A kobold demonologist (D:11)
  2 yaktaurs
  A jumping spider (Vaults:1)
  2 hornets
  A blink frog (Lair:6)
  A wyvern (Lair:5)
  2 redbacks
  A spriggan (Swamp:3)
  2 steam dragons (Swamp:4)
  A fire elemental (Elf:1)
  A golden eye (shapeshifter) (Elf:1)
  2 humans (Swamp:3)
  A vampire mosquito (D:13)
  2 swamp worms
  2 hell hounds (Elf:1)
  5 swamp drakes (Swamp:4)
  An orc warrior (Orc:2)
  A black bear (Lair:6)
  2 centaurs
  2 ogres
  A wolf (Lair:6)
  A bullfrog (Lair:1)
  An earth elemental (Elf:1)
  A wight (D:9)
  An orc priest (Orc:2)
  An orc wizard (Orc:1)
  16 foxfires
  161 fulminant prisms
  61 fungi
  64 plants
372 creatures vanquished.

Grand Total: 2297 creatures vanquished

Notes
Turn   | Place    | Note
-------+----------+-------------------------------------------
     0 | D:1      | Aviak the Vine Stalker Conjurer began the quest for the
                  | Orb.
     0 | D:1      | Reached XP level 1. HP: 9/9 MP: 4/4
   359 | D:1      | Reached XP level 2. HP: 13/13 MP: 1/6
  1266 | D:2      | Reached XP level 3. HP: 16/16 MP: 4/8
  1269 | D:2      | Learned a level 2 spell: Searing Ray
  1963 | D:2      | Gained mutation: Your natural rate of healing is unusually
                  | fast. [Vine Stalker growth]
  1963 | D:2      | Reached XP level 4. HP: 17/21 MP: 10/10
  2380 | D:3      | Noticed an ice beast
  2395 | D:3      | Killed an ice beast
  2396 | D:3      | Reached skill level 5 in Conjurations
  2396 | D:3      | Reached XP level 5. HP: 24/24 MP: 0/12
  2900 | D:3      | Reached XP level 6. HP: 22/28 MP: 12/14
  3063 | D:3      | Learned a level 3 spell: Dazzling Flash
  3068 | D:3      | Learned a level 4 spell: Fulminant Prism
  3348 | D:4      | Noticed Natasha
  3360 | D:4      | Killed Natasha
  3457 | D:4      | Reached skill level 5 in Spellcasting
  3694 | D:4      | Found an ancient bone altar of Kikubaaqudgha.
  3723 | D:4      | Noticed a phantom
  3730 | D:4      | Noticed Natasha
  3735 | D:4      | Killed a phantom
  3736 | D:4      | Reached XP level 7. HP: 27/32 MP: 2/16
  3743 | D:4      | Killed Natasha
  4308 | D:4      | Noticed Natasha
  4313 | D:4      | Killed Natasha
  4817 | D:5      | Entered Level 5 of the Dungeon
  4836 | D:5      | Found a staircase to the Ecumenical Temple.
  4852 | Temple   | Entered the Ecumenical Temple
  4926 | Temple   | Became a worshipper of Ru the Awakened
  5063 | D:5      | Found a hazy altar of Hepliaklqana.
  5077 | D:5      | Noticed Grinder
  5098 | D:5      | Gained mutation: You have razor-sharp teeth. [Vine Stalker
                  | growth]
  5098 | D:5      | Reached XP level 8. HP: 36/36 MP: 11/18
  5111 | D:5      | Killed Grinder
  5886 | D:5      | Reached skill level 1 in Fighting
  5886 | D:5      | Reached skill level 1 in Hexes
  6117 | D:5      | Reached XP level 9. HP: 36/41 MP: 17/22
  6175 | D:5      | Gained mutation: You are somewhat inexperienced. (-2 XL)
                  | [Ru sacrifice]
  6175 | D:5      | Reached XP level 8. HP: 37/37 MP: 21/21
  6175 | D:5      | Reached XP level 7. HP: 33/33 MP: 19/19
  6175 | D:5      | Reached * piety under Ru
  6175 | D:5      | Reached ** piety under Ru
  6222 | D:5      | Found Ulukhohyink's Jewellery Emporium.
  6225 | D:5      | Bought an uncursed ring of magical power for 260 gold
                  | pieces
  6357 | D:5      | Found an iron altar of Okawaru.
  6852 | D:6      | Reached XP level 8. HP: 36/39 MP: 20/21
  7094 | D:6      | Found a stormy altar of Qazlal.
  7767 | D:7      | Gained mutation: Your cowardice makes you less effective in
                  | combat with threatening monsters. [Ru sacrifice]
  7767 | D:7      | Reached *** piety under Ru
  7794 | D:7      | Found a shimmering blue altar of Sif Muna.
  7983 | D:8      | Reached XP level 9. HP: 44/45 MP: 22/22
  8387 | D:8      | Learned a level 3 spell: Mephitic Cloud
  8449 | D:8      | Reached skill level 1 in Air Magic
  8461 | D:8      | Reached skill level 10 in Conjurations
  8534 | D:8      | Reached skill level 5 in Hexes
  8648 | D:8      | Reached skill level 2 in Air Magic
  8848 | D:8      | Reached skill level 5 in Fighting
  9237 | D:8      | Gained mutation: Armour fits poorly on your strangely
                  | shaped body. [potion of mutation]
  9237 | D:8      | Gained mutation: You are partially covered in yellow
                  | scales. (AC +2) [potion of mutation]
  9237 | D:8      | Gained mutation: You are strong-willed. (Will+) [potion of
                  | mutation]
  9245 | D:8      | HP: 2/47 [poisoned by a killer bee]
  9250 | D:8      | HP: 1/47 [poisoned by a killer bee]
  9255 | D:8      | HP: 1/47 [poisoned by a killer bee]
  9462 | D:8      | Reached skill level 3 in Air Magic
  9466 | D:8      | Learned a level 2 spell: Poisonous Vapours
  9477 | D:8      | Reached XP level 10. HP: 51/51 MP: 23/23
  9595 | D:9      | Reached skill level 1 in Poison Magic
  9762 | D:9      | Found a staircase to the Orcish Mines.
  9833 | D:9      | Reached skill level 1 in Long Blades
  9863 | D:9      | Gained mutation: You are somewhat unskilled. (-1 Apt) [Ru
                  | sacrifice]
  9863 | D:9      | Reduced skill Air Magic to level 2
  9863 | D:9      | Reached **** piety under Ru
  9863 | D:9      | Reached ***** piety under Ru
 10241 | D:9      | Noticed a two-headed ogre
 10255 | D:9      | Killed a two-headed ogre
 10388 | D:9      | Found an iron altar of Okawaru.
 10388 | D:9      | Found a sparkling altar of Nemelex Xobeh.
 10393 | D:9      | Found a faded altar of an unknown god.
 10395 | D:9      | Found a faded altar of an unknown god.
 10397 | D:9      | Found a burning altar of Makhleb.
 11192 | D:10     | Entered Level 10 of the Dungeon
 11258 | D:10     | Found a staircase to the Lair.
 11635 | D:10     | Reached XP level 11. HP: 30/56 MP: 16/22
 11937 | D:10     | Noticed a two-headed ogre
 11956 | D:10     | Killed a two-headed ogre
 12266 | D:10     | Gained mutation: You cannot be stealthy. [Ru sacrifice]
 12371 | D:10     | Found Qarudghy's Antique Armour Boutique.
 12374 | D:10     | Bought a warped ring mail for 207 gold pieces
 12384 | D:10     | Identified the cursed +0 ring mail of Parts Unknown {rC-
                  | Dex+8} (You bought it in a shop on level 10 of the Dungeon)
 12456 | Lair:1   | Entered Level 1 of the Lair of Beasts
 12507 | Lair:1   | Noticed a four-headed hydra
 12540 | Lair:1   | Killed a one-headed hydra
 12933 | Lair:1   | Reached skill level 5 in Long Blades
 12933 | Lair:1   | Reached skill level 5 in Dodging
 13808 | Lair:2   | Gained mutation: You heal very quickly. [Vine Stalker
                  | growth]
 13808 | Lair:2   | Reached XP level 12. HP: 63/63 MP: 23/23
 13843 | Lair:2   | Noticed a five-headed hydra
 13853 | Lair:2   | Killed a three-headed hydra
 14216 | Lair:2   | Found a hole to the Spider Nest.
 14434 | Lair:2   | Gained mutation: You are weak. (Str -2) [Ru sacrifice]
 14434 | Lair:2   | Reached ****** piety under Ru
 14744 | Lair:3   | Noticed a death yak
 14745 | Lair:3   | Noticed a death yak
 14750 | Lair:3   | Noticed a death yak
 14750 | Lair:3   | Noticed a death yak
 14754 | Lair:3   | Noticed a death yak
 14754 | Lair:3   | Noticed a death yak
 15023 | Lair:2   | Killed a death yak
 15287 | Lair:2   | Killed a death yak
 15636 | Lair:2   | Killed a death yak
 15636 | Lair:2   | Killed a death yak
 15673 | Lair:2   | Killed a death yak
 15673 | Lair:2   | Killed a death yak
 16161 | Lair:3   | Found a staircase to the Swamp.
 16214 | Lair:3   | Reached XP level 13. HP: 70/70 MP: 1/24
 17252 | Lair:4   | Learned a level 4 spell: Summon Lightning Spire
 18033 | Lair:5   | Found a runed translucent door.
 18036 | Lair:5   | Noticed semitonal's ghost (journeyman GnWn)
 18109 | Lair:5   | Reached skill level 1 in Summonings
 18109 | Lair:5   | Reached skill level 3 in Air Magic
 18307 | Lair:4   | Reached skill level 1 in Armour
 18555 | Lair:5   | Found a viscous altar of Jiyva.
 18555 | Lair:5   | Found a staircase to the Slime Pits.
 19724 | Lair:5   | Reached skill level 4 in Air Magic
 19875 | Lair:6   | Entered Level 6 of the Lair of Beasts
 20045 | Lair:6   | Reached skill level 10 in Fighting
 20376 | Lair:6   | Reached XP level 14. HP: 61/77 MP: 2/25
 20726 | Lair:6   | Reached skill level 1 in Shields
 20931 | Lair:6   | Reached skill level 5 in Air Magic
 22508 | Orc:1    | Entered Level 1 of the Orcish Mines
 22508 | Orc:1    | Noticed Harold
 22622 | Orc:1    | Killed Harold
 22687 | Orc:1    | Noticed Gastronok
 22714 | Orc:1    | Killed Gastronok
 22750 | Orc:1    | Found a frozen archway.
 22759 | Orc:1    | Reached skill level 5 in Summonings
 22794 | IceCv    | Entered an ice cave
 23231 | IceCv    | Reached skill level 6 in Air Magic
 23818 | IceCv    | Found the +2 cloak of the Thief {*Fog Slay-2 SInv Stlth+}
 23831 | IceCv    | Got a bloodstained buckler
 23842 | IceCv    | Identified the cursed +0 buckler "Suiloe Uhot" {*Drain rF+
                  | Dex+2} (You found it in an ice cave)
 23903 | Orc:1    | Identified a scroll of acquirement
 23905 | Orc:1    | Acquired 1145 gold pieces
 24290 | Orc:1    | Found a roughly hewn altar of Beogh.
 24504 | Orc:1    | Found a runed translucent gate.
 24504 | Orc:1    | Found a runed translucent gate.
 24508 | Orc:1    | Found a runed translucent gate.
 24509 | Orc:1    | Noticed Raspi's ghost (journeyman FoFi)
 24510 | Orc:1    | Noticed Jisity's ghost (adept HuFi)
 24512 | Orc:1    | Found the ring of the Octopus King
 24745 | Orc:2    | Entered Level 2 of the Orcish Mines
 25660 | Orc:2    | Noticed Erolcha
 25673 | Orc:2    | Killed Erolcha
 25710 | Orc:2    | Found a staircase to the Elven Halls.
 25714 | Orc:2    | Noticed Sonja
 25725 | Orc:2    | Killed Sonja
 26050 | Orc:2    | Reached XP level 15. HP: 43/80 MP: 13/26
 26317 | Orc:2    | Reached skill level 10 in Long Blades
 26317 | Orc:2    | Reached skill level 7 in Air Magic
 26824 | Orc:2    | Found Egyo's Antique Weapon Shoppe.
 26878 | Orc:2    | Found Hyassyus's Assorted Antiques.
 26879 | Orc:2    | Found Oxiudote's General Store.
 26879 | Orc:2    | Found Gewusat's Armour Emporium.
 26887 | Orc:2    | Bought the amulet of Vitality {Regen+ HP+15} for 1264 gold
                  | pieces
 26887 | Orc:2    | Found the amulet of Vitality {Regen+ HP+15}
 26911 | Orc:2    | Bought a scroll labelled UTHUTA SUKASAX for 31 gold pieces
 28393 | D:12     | Found Hygh's Antique Weapon Emporium.
 28393 | D:12     | Found a transporter.
 28393 | D:12     | Noticed Nessos
 28403 | D:12     | Killed Nessos
 28412 | D:12     | Found a transporter.
 28413 | D:12     | Noticed Borgoz's ghost (journeyman GrGl)
 28565 | D:12     | Reached skill level 8 in Air Magic
 28672 | D:12     | Killed Borgoz's ghost
 28778 | D:12     | Got a distressingly furry cloak
 28789 | D:12     | Identified the +3 cloak of Hocsocw {Dex+4} (You found it on
                  | level 12 of the Dungeon)
 29159 | D:12     | Noticed Jorgrun
 29170 | D:12     | Killed Jorgrun
 30428 | D:13     | Found Fafiv's Book Boutique.
 30660 | D:13     | Learned a level 6 spell: Freezing Cloud
 30781 | D:13     | Found a white marble altar of Elyvilon.
 31266 | D:14     | Reached skill level 1 in Ice Magic
 31316 | D:14     | Reached skill level 9 in Air Magic
 31507 | D:14     | Reached XP level 16. HP: 85/85 MP: 25/28
 32022 | D:14     | Found a gate to the Vaults.
 32249 | D:15     | Entered Level 15 of the Dungeon
 32249 | D:15     | Found Syxaeski's Gadget Shop.
 32311 | D:15     | Bought a wand of iceblast (10) for 196 gold pieces
 32745 | D:15     | Found a staircase to the Depths.
 33704 | Spider:1 | Entered Level 1 of the Spider Nest
 33753 | Spider:1 | Reached skill level 5 in Ice Magic
 34680 | Spider:1 | Learned a level 3 spell: Ignite Poison
 34686 | Spider:1 | Learned a level 5 spell: Fireball
 35174 | Spider:1 | Reached skill level 1 in Fire Magic
 35968 | Spider:2 | Noticed Donald
 35990 | Spider:2 | Killed Donald
 38050 | Spider:2 | Reached XP level 17. HP: 89/89 MP: 30/30
 38861 | Spider:4 | Entered Level 4 of the Spider Nest
 38861 | Spider:4 | Noticed Louise
 38880 | Spider:3 | Reached skill level 10 in Conjurations
 38907 | Spider:3 | Killed Louise
 38908 | Spider:3 | Reached skill level 5 in Fire Magic
 39766 | Spider:4 | Identified the cursed +0 pair of boots "Rifoemabah" {rN++}
                  | (You found it on level 4 of the Spider Nest)
 40062 | Spider:4 | Noticed Bai Suzhen
 40124 | Spider:4 | Found a runed translucent door.
 40124 | Spider:4 | Noticed p0werm0de's ghost (adept MiFi)
 40158 | Spider:4 | Killed p0werm0de's ghost
 40353 | Swamp:1  | Entered Level 1 of the Swamp
 43673 | Swamp:3  | Noticed Kirke
 43680 | Swamp:3  | Killed Kirke
 43978 | Swamp:3  | Noticed Mara
 44017 | Swamp:3  | Noticed Aviak's illusion
 44027 | Swamp:3  | Killed Mara
 44028 | Swamp:3  | Reached skill level 10 in Air Magic
 44028 | Swamp:3  | Reached XP level 18. HP: 43/96 MP: 3/31
 44181 | Swamp:3  | Identified the cursed +0 kite shield of Distant Shores
                  | {Int+3} (You found it on level 3 of the Swamp)
 44582 | Swamp:4  | Entered Level 4 of the Swamp
 44607 | Swamp:4  | Identified the Tome of Darkness and Flames
 44978 | Swamp:4  | Reached skill level 5 in Armour
 45176 | Swamp:4  | Reached skill level 10 in Ice Magic
 45442 | Swamp:4  | Got a decaying rune of Zot
 45671 | Swamp:4  | Identified the +3 broad axe of Exquisite Torment {freeze,
                  | *Corrode rC++}
 46761 | Spider:4 | Paralysed by a hornet for 1 turns
 46766 | Spider:4 | Identified the Almanac of Noxious Glamour
 46771 | Spider:4 | Identified the +11 falchion of Plog {drain, *Drain rPois
                  | rN+++ Str+4} (You found it on level 4 of the Spider Nest)
 47299 | Spider:4 | Got a gossamer rune of Zot
 47587 | D:13     | Bought a manual of Air Magic for 1876 gold pieces
 47653 | Vaults:1 | Entered Level 1 of the Vaults
 47857 | Vaults:1 | Reached skill level 10 in Spellcasting
 48512 | Vaults:1 | Reached XP level 19. HP: 100/100 MP: 18/34
 48744 | Vaults:1 | Reached skill level 11 in Air Magic
 49479 | Vaults:2 | Noticed Frederick
 49491 | Vaults:2 | Reached skill level 12 in Air Magic
 49502 | Vaults:2 | Killed Frederick
 49970 | Vaults:2 | Noticed Margery
 49990 | Vaults:2 | Reached skill level 5 in Shields
 50369 | Vaults:2 | Noticed Boris
 50385 | Vaults:2 | Reached skill level 13 in Air Magic
 50404 | Vaults:2 | Killed Boris
 50460 | Vaults:2 | Identified the +2 pair of boots of Modesty {rF+ Regen+
                  | Slay-5} (You found it on level 2 of the Vaults)
 50948 | Vaults:2 | Reached XP level 20. HP: 105/105 MP: 36/36
 51031 | Vaults:2 | Killed Margery
 51331 | Vaults:3 | Found a staircase to the Crypt.
 51470 | Vaults:3 | Reached skill level 14 in Air Magic
 52169 | Vaults:3 | Reached skill level 10 in Armour
 52581 | Vaults:3 | Reached skill level 15 in Air Magic
 52642 | Vaults:3 | Found Quodas's Assorted Antiques.
 52789 | Crypt:1  | Entered Level 1 of the Crypt
 52976 | Crypt:1  | Noticed Jory
 53005 | Crypt:1  | Killed Jory
 54517 | Crypt:2  | Noticed Boris
 54578 | Crypt:1  | Reached XP level 21. HP: 106/106 MP: 37/37
 54627 | Crypt:2  | Paralysed by a vampire knight for 6 turns
 55242 | Crypt:2  | Noticed Xtahua
 55254 | Crypt:2  | Killed Xtahua
 55835 | Crypt:2  | Killed Boris
 56103 | Crypt:3  | Entered Level 3 of the Crypt
 56297 | Crypt:3  | Reached skill level 16 in Air Magic
 56356 | Crypt:3  | Noticed a bone dragon
 56408 | Crypt:3  | Killed a bone dragon
 56409 | Crypt:3  | HP: 5/115 [crystal guardian/crystal bolt (33)]
 56865 | Elf:1    | Entered Level 1 of the Elven Halls
 57088 | Elf:1    | Identified the +5 long sword of Peril {vorpal, rC+ rN++}
                  | (You found it on level 1 of the Elven Halls)
 57267 | Elf:1    | Noticed Frances
 57269 | Elf:1    | Noticed Azrael
 57277 | Elf:1    | Killed Frances
 57280 | Elf:1    | Killed Azrael
 57618 | Elf:1    | Identified Roxanne's Incunabulum of Clay
 57618 | Elf:1    | Noticed Roxanne
 57727 | Elf:1    | Killed Roxanne
 57760 | Elf:1    | Found Gixymiug's Gadget Boutique.
 57809 | Elf:1    | Learned a level 5 spell: Iskenderun's Battlesphere
 58030 | Elf:1    | Found a runed translucent door.
 58033 | Elf:1    | Found a runed translucent door.
 58034 | Elf:1    | Found a runed translucent door.
 58046 | Elf:1    | Reached skill level 10 in Shields
 58675 | Elf:2    | Found Sirip's Assorted Antiques.
 58840 | Elf:2    | Reached XP level 22. HP: 114/114 MP: 38/38
 58870 | Elf:2    | Found Akygroav's Armour Boutique.
 58870 | Elf:2    | Found Tehups's Distillery.
 58876 | Elf:2    | Found Xaethu's Distillery.
 58930 | Elf:2    | Identified the +3 leather armour of the Evil One {+Inv rN+
                  | Will++ Dex-4} (You found it on level 2 of the Elven Halls)
 59028 | Elf:2    | Found a radiant altar of Vehumet.
 59029 | Elf:2    | Identified the ring "Yzyus" {*Contam rC+ rN+ Str+4 Dex+6}
 59124 | Elf:2    | Found Oxtulus's Magic Scroll Boutique.
 59192 | Elf:2    | Found a runed translucent gate.
 59192 | Elf:2    | Found a runed translucent gate.
 59193 | Elf:2    | Found a runed translucent gate.
 59797 | Elf:2    | Reached skill level 17 in Air Magic
 60075 | Elf:3    | Entered Level 3 of the Elven Halls
 60129 | Elf:3    | Found Locsiedgh's Weapon Emporium.
 60270 | Elf:3    | Acquired the ring of Amelioration {rPois Str+2 Slay+3
                  | Stlth+}
 60605 | Elf:3    | Identified the +5 long sword of Change {flame, rElec Str+4
                  | Dex+4}
 60682 | Elf:3    | Identified the ring "Qoeceb" {rF+ rN+}
 60682 | Elf:3    | Identified the +2 leather armour of Miriniff {rElec rN++
                  | Dex-3 Stlth+}
 60853 | Elf:3    | Identified the +4 long sword "Anyewkan" {protect, Int+2
                  | Stlth+} (You found it on level 3 of the Elven Halls)
 60858 | Elf:3    | Identified the cursed +1 scale mail of the Serpent {*Contam
                  | Str+6} (You found it on level 3 of the Elven Halls)
 60860 | Elf:3    | Identified Sezoogak's Tome of Ice and the Volcanoes
 60870 | Elf:3    | Got a sparkling glass ring
 60872 | Elf:3    | Got a flickering ivory ring
 60878 | Elf:3    | Identified the ring "Jotoug" {*Corrode rC+ Int+6 SInv
                  | Stlth+} (You found it on level 3 of the Elven Halls)
 60880 | Elf:3    | Identified the ring of Tiev {rN+ Dex+2} (You found it on
                  | level 3 of the Elven Halls)
 60885 | Elf:3    | Got a scintillating ivory ring
 60887 | Elf:3    | Identified the ring "Maxtuur" {Will+ Str+2} (You found it
                  | on level 3 of the Elven Halls)
 60892 | Elf:3    | Got a vibrating ivory amulet
 60903 | Elf:3    | Identified the amulet "Mov Uvutin" {Inacc Str+3 Int-3 SInv}
                  | (You found it on level 3 of the Elven Halls)
 60915 | Elf:3    | Got a spiked cloak
 60926 | Elf:3    | Identified the +2 cloak "Tipniddo" {Harm +Fly Dex+3} (You
                  | found it on level 3 of the Elven Halls)
 61567 | D:10     | Bought the +2 shield of Resistance {rF++ rC++ Will++} for
                  | 1492 gold pieces
 61567 | D:10     | Found the +2 shield of Resistance {rF++ rC++ Will++}
 61928 | Vaults:4 | Noticed Aizul
 61947 | Vaults:4 | Killed Aizul
 62903 | Vaults:4 | Reached XP level 23. HP: 118/118 MP: 39/39
 63197 | Vaults:5 | Entered Level 5 of the Vaults
 64037 | Vaults:5 | Identified the ring "Facluek" {rPois rF- Will+ Dex+3 SInv}
 64085 | Vaults:5 | Reached skill level 1 in Evocations
 64091 | Vaults:5 | Reached skill level 15 in Shields
 64131 | Vaults:5 | Reached skill level 5 in Evocations
 64215 | Vaults:5 | Identified the ring "Tadgh" {rPois MP+9 Stlth+}
 64386 | Vaults:5 | Got a silver rune of Zot
 64427 | Vaults:5 | Identified the +6 great sword "Olumn" {spect, Dex+2}
 64427 | Vaults:5 | Identified the +6 great sword "Olumn" {spect, Dex+2}
 64494 | Vaults:5 | Noticed a golden dragon
 64514 | Vaults:5 | Identified the +4 ring mail of Nishiph {rElec Will+ Int+4
                  | Stlth-}
 64516 | Vaults:5 | Killed a golden dragon
 64531 | Vaults:5 | Reached skill level 10 in Evocations
 64531 | Vaults:5 | Reached XP level 24. HP: 49/123 MP: 14/39
 65671 | Depths:1 | Entered Level 1 of the Depths
 65801 | Depths:1 | Found a gateway to Hell.
 65874 | Depths:1 | Noticed the Enchantress
 65891 | Depths:1 | Killed the Enchantress
 66116 | Depths:1 | HP: 6/137 [deep troll earth mage/blast of rock fragments
                  | (30)]
 66127 | Depths:1 | Killed from afar by a lich

Illustrated notes

Levels and vault maps discovered:
D:1:      psy_arrival_spokes, layout_loops_corners, minmay_misc_feat_rows
D:2:      layout_basic, kennysheep_nub
D:3:      layout_rooms, serial_corexii_hall, chequers_hall_statues_wall_a,
          corexii_hall_statues_t, chequers_hall_statues_wall_a,
          chequers_hall_statues_wall_a
D:4:      layout_basic, kennysheep_little_box, portal_sewer_entry_b,
          uniq_natasha
D:5:      cheibrodos_barr_body, layout_layer_cave, kennysheep_mini,
          minmay_temple_entry_wispy, basic_altar, serial_shops, shop,
          wad_rectangle_vault, uniq_grinder
D:6:      black_bear_nest_2, layout_basic, nicolae_qazlal_general_emergency
D:7:      layout_basic, overflow_temple_1_default, minmay_circle_x
D:8:      minmay_bloctagon, layout_basic
D:9:      layout_basic, chequers_temple_overflow_minitemple, zombieorc2_lemuel
D:10:     layout_roguey, lair_entry_dummy, serial_shops, kennysheep_mini_moat
D:11:     layout_stronghold
D:12:     layout_rooms, serial_shops, nicolae_shop_stone,
          gammafunk_ghost_mausoleum, kennysheep_generic_room_12, uniq_jorgrun,
          uniq_nessos
D:13:     layout_irregular_city, basic_altar, serial_shops, shop_fountains,
          minmay_shattered_shrine
D:14:     layout_irregular_city, ximxim_vaults_locker_room, nrook_mini_vaults
D:15:     hangedman_depths_entry_civil_slaughter, layout_loops_cross,
          minivault_26, serial_shops, shop
Temple:   compressed_dpeg_circular_temple
Lair:1:   layout_cave_pods
Lair:2:   layout_long_grid, spider_nest_entry_funnel_web
Lair:3:   layout_roguey, minmay_swamp_entry_wisps, lemuel_old_faithful
Lair:4:   layout_regular_city
Lair:5:   layout_hall_layers, slime_altar_1, hellmonk_ghost_happy_afterlife
Lair:6:   minmay_lair_end_enchanted_forest, layout_concentric_octagons,
          grunt_megastairs_3
Swamp:1:  layout_basic_swamp, evilmike_swamp_ruin_house_1, swamp_pool1
Swamp:2:  layout_basic_swamp, infiniplex_staircase_pool
Swamp:3:  layout_falls_marsh, evilmike_swamp_ruin_rubble_2, swamp_pool1,
          uniq_kirke, uniq_mara
Swamp:4:  swamp_fiery, layout_basic_swamp
Spider:1: layout_spider_delve
Spider:2: nicolae_orb_stairs_large, uniq_donald
Spider:3: layout_spider_delve
Spider:4: guppyfry_spider_rune, ebering_ghost_inner_flame, uniq_louise,
          uniq_bai_suzhen
Orc:1:    layout_diamond_mine, gammafunk_ghost_cemetery,
          portal_ice_cave_entry_animals_and_master, basic_altar, uniq_harold,
          uniq_gastronok
Orc:2:    st_orc_pillars, layout_caves, uniq_sonja, uniq_erolcha
Elf:1:    minmay_the_grid_triangle_9x9_recursive_3_mashed
          [minmay_the_grid_triangle_9x9_limited_checkers,
          minmay_the_grid_triangle_9x9_swiss_cheese,
          minmay_the_grid_triangle_9x9_from_above,
          minmay_the_grid_triangle_9x9_prize_top_heavy,
          minmay_the_grid_triangle_9x9_fully_insulated_deathbox,
          minmay_the_grid_triangle_9x9_pentomino_pain,
          minmay_the_grid_triangle_9x9_thin_v,
          minmay_the_grid_triangle_9x9_alien,
          minmay_the_grid_triangle_9x9_sparse_checkered], layout_gridlike,
          serial_shops, shop, evilmike_minifort, uniq_roxanne, uniq_frances,
          uniq_azrael
Elf:2:    layout_geoelf_octagon, serial_shops, shop_fountains, basic_altar,
          minmay_shoptagon
Elf:3:    minmay_elf_hall_statues, layout_geoelf_diagonals, serial_shops,
          nicolae_shop_temple_entry_statues_fountains
Vaults:1: nicolae_vaults_mini_display_case, ontoclasm_vaults_claustrophobia,
          v_misc_30, v_misc_30, ontoclasm_vaults_misaligned,
          vaults_room_guarded_vault, grunt_vaults_bifocal, v_rooms_1,
          hangedman_vaults_impose, vaults_room_corners, hangedman_vaults_maws,
          vaults_dpeg_ring, layout_vaults_big_cross
Vaults:2: vaults_room_boxed, nicolae_vaults_little_squares_2,
          nicolae_vaults_murderbox, nicolae_vaults_circle_grid_a,
          nicolae_vaults_shelves_hall, ontoclasm_vaults_pinch, v_misc_33,
          layout_vaults_omnigrid, uniq_boris, uniq_margery, uniq_frederick
Vaults:3: v_misc_30, nicolae_vaults_puzzle_piece, nicolae_vaults_puzzle_piece,
          vaults_room_door_hall, minmay_crypt_entry_simple_corners, v_misc_2,
          nicolae_vaults_shelves_hall, vaults_room_semicircle,
          nicolae_vaults_little_squares_1, hangedman_vaults_stitches,
          layout_vaults_maze_bifur, serial_shops, shop
Vaults:4: v_misc_28, v_alt_pattern_2, nicolae_vaults_little_squares_1,
          v_misc_23, ontoclasm_vaults_twist, nicolae_vaults_shelves_hall,
          nicolae_vaults_circle_grid_b, vaults_standard_mumra_x,
          nicolae_vaults_rhombus_6, vaults_dpeg_doors,
          nicolae_vaults_little_squares_4, vaults_room_fours,
          ontoclasm_vaults_gateway, layout_vaults_ring, uniq_aizul
Vaults:5
Crypt:1:  layout_catacombs, grunt_ministairs_10, minmay_misc_feat_cross,
          nicolae_crypt_little_mausoleum, roderic_lattice_octagonal_star,
          uniq_jory
Crypt:2:  layout_chaotic_city, serial_glass, glass_columns_a, glass_columns_a,
          grunt_megastairs_4, uniq_xtahua
Crypt:3:  cryptofortress_bobbens
Depths:1: four-leaf_vault, layout_cave_pools, hell_entry,
          kennysheep_pointless_box, minmay_checkered_concentric_circles,
          uniq_enchantress

Skill      XL: |  1  2  3  4  5  6  7  8  9 10 11 12 13 14 15 16 17 18 19 20 21 22 23 24 |
---------------+-------------------------------------------------------------------------+-----
Spellcasting   | 3 4 5 6 8 7 8 10 11 12 | 12.2
Conjurations   | 5 6 9 8 10 9 10 | 10.5
Fighting       | 2 4 5 6 7 9 10 11 | 11.4
Hexes          | 2 4 5 4 |  4.5
Air Magic      | 3 2 4 6 9 10 13 15 16 17 | 17.5
Poison Magic   | 3 |  3.0
Dodging        | 3 5 7 |  7.6
Long Blades    | 3 5 7 8 9 11 12 | 12.8
Stealth        | 0 |  0.0
Summonings     | 3 6 8 |  8.2
Armour         | 2 3 4 7 9 10 11 12 | 12.0
Shields        | 4 5 8 10 13 15 | 15.0
Ice Magic      | 2 8 9 10 | 10.0
Fire Magic     | 4 7 |  7.0
Evocations     | 10 | 10.4

Action                   |  1- 3 |  4- 6 |  7- 9 | 10-12 | 13-15 | 16-18 | 19-21 | 22-24 || total
-------------------------+-------+-------+-------+-------+-------+-------+-------+-------++-------
Melee: Unarmed           |     6 |       |       |       |       |       |       |       ||     6
       Bite              |    20 |    21 |    92 |   118 |   258 |   488 |   513 |   505 ||  2015
       Dagger            |    67 |    75 |    32 |       |       |       |       |       ||   174
       Falchion          |       |       |   278 |   333 |   779 |   710 |   151 |       ||  2251
       Long sword        |       |       |       |       |       |   375 |       |       ||   375
       Double sword      |       |       |       |       |       |       |  1104 |  1017 ||  2121
 Cast: Magic Dart        |    24 |     6 |     3 |       |    10 |     5 |    15 |     1 ||    64
       Searing Ray       |     1 |    18 |    42 |    63 |   196 |   104 |     2 |     4 ||   430
       Dazzling Flash    |       |       |    20 |    13 |    12 |     3 |       |       ||    48
       Fulminant Prism   |       |       |     4 |    26 |    94 |    26 |     7 |     5 ||   162
       Mephitic Cloud    |       |       |       |    12 |    15 |    13 |       |       ||    40
       Poisonous Vapours |       |       |       |     4 |   192 |   346 |    18 |       ||   560
       Summon Lightning  |       |       |       |       |    27 |    33 |    39 |    14 ||   113
       Ignite Poison     |       |       |       |       |       |    36 |     5 |     2 ||    43
       Fireball          |       |       |       |       |       |   121 |    43 |     7 ||   171
       Freezing Cloud    |       |       |       |       |       |    16 |    61 |    70 ||   147
       Iskenderun's Batt |       |       |       |       |       |       |     5 |     5 ||    10
Invok: Sacrifice Experie |       |       |     1 |       |       |       |       |       ||     1
       Sacrifice Courage |       |       |     1 |       |       |       |       |       ||     1
       Sacrifice Skill   |       |       |       |     1 |       |       |       |       ||     1
       Draw Out Power    |       |       |       |     2 |     8 |     6 |     7 |     7 ||    30
       Sacrifice Stealth |       |       |       |     1 |       |       |       |       ||     1
       Apocalypse        |       |       |       |     2 |     4 |     4 |     5 |     4 ||    19
       Sacrifice Purity  |       |       |       |     1 |       |       |       |       ||     1
Evoke: Wand              |       |       |     1 |     4 |     7 |    23 |     5 |     4 ||    44
       Phial of floods   |       |       |       |     1 |     2 |     1 |     3 |       ||     7
       Condenser vane    |       |       |       |       |     1 |     4 |     4 |     3 ||    12
       Phantom mirror    |       |       |       |       |       |     3 |     4 |     1 ||     8
       Box of beasts     |       |       |       |       |       |       |       |     2 ||     2
  Use: Scroll            |       |       |     8 |     4 |    18 |    19 |    12 |    14 ||    75
       Potion            |       |       |     1 |       |     1 |     6 |     6 |     2 ||    16
 Stab: Sleeping          |     4 |     1 |     1 |       |       |       |       |       ||     6
       Invisible         |       |       |    15 |     6 |    29 |    28 |    14 |    20 ||   112
       Distracted        |       |       |       |     2 |     4 |    10 |    22 |     7 ||    45
       Confused          |       |       |       |     7 |     6 |     9 |       |       ||    22
       Paralysed         |       |       |       |     9 |    29 |    23 |     8 |    12 ||    81
Armor: Robe              |    17 |    31 |     2 |       |       |       |       |       ||    50
       Ring mail         |       |       |   141 |    89 |   268 |   374 |       |    55 ||   927
       Swamp dragon scal |       |       |       |       |       |   419 |   421 |   249 ||  1089
Dodge: Dodged            |    52 |    93 |   328 |   310 |   652 |  1155 |   602 |   447 ||  3639
Block: Buckler           |       |       |       |       |   210 |   434 |   314 |    72 ||  1030
       Kite shield       |       |       |       |       |       |       |       |   492 ||   492
       Rpst.: Falchion   |       |       |    82 |    92 |   185 |   172 |    23 |       ||   554
       Long sword        |       |       |       |       |       |    46 |       |       ||    46
       Double sword      |       |       |       |       |       |       |   117 |    74 ||   191
